 Dungeon Crawl Stone Soup version 0.23.1 (webtiles) character file.

Game seed: 4738429867568493386

14 Borgoz the Sneak (level 2, -1/22 HPs)
             Began as a Ghoul Enchanter on Mar 5, 2019.
             Slain by Natasha (9 damage)
             ... on level 2 of the Dungeon.
             The game lasted 00:01:10 (792 turns).

Borgoz the Sneak (Ghoul Enchanter)                   Turns: 792, Time: 00:01:11

Health: -1/22      AC:  2    Str: 11    XL:     2   Next: 41%
Magic:  1/3        EV: 12    Int: 10    God:
Gold:   36         SH:  0    Dex:  9    Spells: 1/4 levels left

rFire    . . .     SeeInvis .   a - +1 dagger
rCold    + . .     Gourm    .   (no shield)
rNeg     + + +     Faith    .   b - +0 robe
rPois    ∞         Spirit   .   (no helmet)
rElec    .         Reflect  .   (no cloak)
rCorr    .         Harm     .   (no gloves)
MR       .....                  (no boots)
Stlth    ++........             (no amulet)
HPRegen  0.00/turn              (no ring)
MPRegen  0.08/turn              (no ring)

@: very slightly contaminated, rotting
A: rotting body, claws 1, carnivore, cold resistance 1, negative energy
resistance 3, inhibited regeneration, torment resistance, unbreathing
a: no special abilities


You were on level 2 of the Dungeon.
You were not hungry.

You visited 1 branch of the dungeon, and saw 2 of its levels.

You collected 36 gold pieces.

Inventory:

Hand Weapons
 a - a +1 dagger (weapon)
Armour
 b - a +0 robe (worn)
Scrolls
 c - a scroll of remove curse {unknown}
 e - a scroll of identify {unknown}
Comestibles
 d - 5 rations


   Skills:
 + Level 0.3 Fighting
 * Level 1.4 Short Blades
 + Level 0.2 Armour
 + Level 1.9 Dodging
 + Level 3.3 Stealth
 + Level 1.8 Spellcasting
 * Level 2.5 Hexes


You had one spell level left.
You knew the following spells:

 Your Spells              Type           Power        Failure   Level  Hunger
a - Corona                Hex            #......      12%         1    ##.....
b - Ensorcelled Hibernat  Hex/Ice        #.....       28%         2    ###....

Your spell library contained the following spells:

 Spells                   Type           Power        Failure   Level  Hunger
 Confuse                  Hex            #.......     34%         3    ####...
 Tukima's Dance           Hex            #.......     34%         3    ####...
 Dazzling Spray           Conj/Hex       #.....       50%         3    ####...


Dungeon Overview and Level Annotations

Branches:
Dungeon (2/15)

Altars:

Annotations:
D:2 Natasha


Innate Abilities, Weirdness & Mutations

Your body is rotting away.
You thrive on raw meat.
You are immune to poison.
You have sharp fingernails.
You are carnivorous and can eat meat at any time.
Your flesh is cold resistant. (rC+)
You are immune to negative energy. (rN+++)
You do not regenerate when monsters are visible.
You are immune to unholy pain and torment.
You can survive without breathing.


Message History

Aiming: Ensorcelled Hibernation (safe; 28% risk of failure)
Press: ? - help, Shift-Dir - straight line, f - Natasha
Aim: Natasha (chance to defeat MR: 35%)
You miscast Ensorcelled Hibernation.
You are very lightly contaminated with residual magic.
Multicoloured lights dance before your eyes!
The goblin shouts!
You hear a shout!
Natasha claws you.
Casting: Ensorcelled Hibernation (safe; 28% risk of failure)
Confirm with . or Enter, or press ? or * to list all spells.
You don't have enough magic to cast that spell.
Unknown command.
You closely miss Natasha. Natasha claws you!
An adder comes into view.
You closely miss Natasha.
The adder hisses angrily.
Natasha claws you.
You barely miss Natasha.
The crimson imp blinks!
Natasha barely misses you.
You barely miss Natasha. Natasha claws you!
You die...

.#. ... #.# .S.
# #.# #.#g#
#.#h#
#.#@#####.#
#####...§...5.#
.............##
#######.####.#
#.# # #.#
#########.####.#
#..............#
#.##.###########


You could see Natasha, a crimson imp, an adder and a goblin.

Vanquished Creatures
  A dart slug (D:1)
  A bat (D:1)
  2 giant cockroaches (D:1)
  2 goblins (D:1)
  A hobgoblin (D:1)
  A kobold (D:1)
  4 rats (D:1)
12 creatures vanquished.

Notes
Turn   | Place    | Note
-------+----------+-------------------------------------------
     0 | D:1      | Borgoz the Ghoul Enchanter began the quest for the Orb.
     0 | D:1      | Reached XP level 1. HP: 14/14 MP: 2/2
    49 | D:1      | Reached skill level 1 in Short Blades
   258 | D:1      | Reached XP level 2. HP: 20/20 MP: 3/3
   520 | D:1      | Learned a level 2 spell: Ensorcelled Hibernation
   783 | D:2      | Noticed Natasha
   785 | D:2      | Noticed a crimson imp
   792 | D:2      | Slain by Natasha

Skill      XL: |  1 |
---------------+----+-----
Short Blades   | 1 |  1.4
Fighting       | |  0.3
Armour         | |  0.2
Dodging        | |  1.9
Stealth        | |  3.3
Spellcasting   | |  1.8
Hexes          | |  2.5

Action                   || total
-------------------------++-------
Melee: Dagger            ||    37
  Use: Scroll            ||     2
       Potion            ||     1
 Stab: Sleeping          ||     1
  Eat: Chunk             ||     1
Armor: Robe              ||     6
Dodge: Dodged            ||    18
